 Dungeon Crawl Stone Soup version 0.25-a0-589-g1e14c549ee (webtiles) character file.

Game seed: 1913506865374765829, levelgen mode: deterministic

635801 NoPocketsJustHoles the Hoplite (level 27, -1/256 HPs)
             Began as a Minotaur Berserker on Mar 11, 2020.
             Was an Elder of Trog.
             Killed from afar by an orb of fire (11 damage)
             ... with a fireball
             ... on level 5 of the Realm of Zot on Mar 13, 2020.
             The game lasted 06:23:33 (64776 turns).

NoPocketsJustHoles the Hoplite (MiBe)              Turns: 64776, Time: 06:23:34

Health: -1/256     AC: 42    Str: 29 (30) XL:     27
Magic:  31/31      EV: 26    Int:  2      God:    Trog [****..]
Gold:   3384       SH: 30    Dex: 26      Spells: 26/26 levels left

rFire    + + .     SeeInvis +   C - +7 war axe of Duty {vorpal, MR++}
rCold    + . .     Gourm    .   E - +2 shield of Resistance {rF+ rC+ MR+}
rNeg     + . .     Faith    .   h - +10 plate armour {rC+}
rPois    +         Spirit   .   T - +0 mask of the Dragon {MR+ Slay+3 SInv}
rElec    +         Reflect  +   W - +2 cloak {rPois}
rCorr    .         Harm     .   l - +2 pair of gloves of the Game of Life {+Fly Dex+5}
MR       +++++                  J - +2 pair of boots {Stlth+}
Stlth    ..........             u - +4 amulet of reflection
HPRegen  1.52/turn              g - ring "Qoog" {Fire rElec rPois Dex+2}
MPRegen  0.22/turn              a - ring "Ilucomoe" {rN+ MR- Dex+4 Slay+3}

@: mighty, marked, regenerating, hasted, studying Invocations, very quick
A: retaliatory headbutt, horns 2, large bone plates 1, deterioration 2, dopey 1,
low mp 1, mutation resistance 1, screaming 1
}: 3/15 runes: decaying, silver, gossamer
a: Berserk, Trog's Hand, Brothers in Arms, Renounce Religion, Evoke Flight


You were on level 5 of the Realm of Zot.
You worshipped Trog.
Trog was greatly pleased with you.
You were not hungry.

You visited 9 branches of the dungeon, and saw 47 of its levels.

You collected 8541 gold pieces.
You spent 5157 gold pieces at shops.

Inventory:

Hand Weapons
 s - a +4 vorpal hunting sling
 B - a +7 broad axe of electrocution
 C - the +7 war axe of Duty (weapon) {vorpal, MR++}
   (You found it on level 5 of the Vaults)

   It inflicts extra damage upon your enemies.
   It affects your resistance to hostile enchantments.
Missiles
 q - 141 sling bullets (quivered)
Armour
 h - a +10 plate armour of cold resistance (worn)
 l - the +2 pair of gloves of the Game of Life (worn) {+Fly Dex+5}
   (You found it on level 8 of the Dungeon)

   It affects your dexterity (+5).
   It lets you fly.
 r - the +6 plate armour of Chill Winds {rN+ Slay+2 SInv}
   (You found it on level 6 of the Lair of Beasts)

   It affects your accuracy and damage with ranged weapons and melee attacks
   (+2).
   It protects you from negative energy.
   It lets you see invisible.
 v - a +0 cloak of magic resistance
 E - the +2 shield of Resistance (worn) {rF+ rC+ MR+}
   (You found it on level 9 of the Dungeon)

   It protects you from fire.
   It protects you from cold.
   It affects your resistance to hostile enchantments.
 J - a +2 pair of boots of stealth (worn)
 T - the +0 mask of the Dragon (worn) {MR+ Slay+3 SInv}
   (You found it on level 3 of the Elven Halls)

   It affects your accuracy and damage with ranged weapons and melee attacks
   (+3).
   It affects your resistance to hostile enchantments.
   It lets you see invisible.
 W - a +2 cloak of poison resistance (worn)
Jewellery
 a - the ring "Ilucomoe" (right hand) {rN+ MR- Dex+4 Slay+3}
   (You acquired it on level 2 of the Realm of Zot)

   [ring of slaying]

   It affects your dexterity (+4).
   It affects your accuracy and damage with ranged weapons and melee attacks
   (+3).
   It protects you from negative energy.
   It affects your resistance to hostile enchantments.
 f - the ring "Ziavi" {rF+ rN+ Dex+7}
   (You bought it in a shop on level 1 of the Depths)

   [ring of protection from fire]

   It affects your dexterity (+7).
   It protects you from fire.
   It protects you from negative energy.
 g - the ring "Qoog" (left hand) {Fire rElec rPois Dex+2}
   (You took it off a deep elf mage on level 5 of the Vaults)

   [ring of fire]

   It enhances your fire magic.
   It affects your dexterity (+2).
   It protects you from fire.
   It makes you vulnerable to cold.
   It insulates you from electricity.
   It protects you from poison.
 m - an uncursed ring of resist corrosion
 u - a +4 amulet of reflection (around neck)
 I - the ring of Robustness {AC+8}
   (You found it on level 4 of the Depths)

   [ring of protection]

   It affects your AC (+8).
Wands
 d - a wand of paralysis (14)
 k - a wand of enslavement (20)
 n - a wand of digging (19)
 p - a wand of disintegration (25)
 y - a wand of polymorph (66)
 K - a wand of scattershot (4)
 L - a wand of flame (87)
 P - a wand of iceblast (28)
 U - a wand of acid (34)
 V - a wand of random effects (36)
Scrolls
 e - a scroll of holy word
 o - 19 scrolls of remove curse
 x - 2 scrolls of brand weapon
 A - 11 scrolls of fear
 O - 17 scrolls of teleportation
 Q - 2 scrolls of fog
 R - 4 scrolls of immolation
 S - 3 scrolls of identify
Potions
 b - 3 potions of curing
 t - a potion of flight
 M - a potion of cancellation
 N - a potion of might
Books
 D - a manual of Invocations
Miscellaneous
 i - a lightning rod (4/4)
 w - a phial of floods (inert)
 F - a tin of tremorstones
 G - a lightning rod (4/4)
 Z - a box of beasts
Comestibles
 c - 23 rations


   Skills:
 + Level 22.5 Fighting
 + Level 24.3 Axes
 + Level 8.3 Slings
 * Level 22.0 Armour
 * Level 20.4 Dodging
 + Level 25.6 Shields
 * Level 17.2 Evocations


You had 26 spell levels left.
You didn't know any spells.
Your spell library was empty.

Dungeon Overview and Level Annotations

Branches:
Dungeon (15/15)              Lair (6/6) D:9           Swamp (4/4) Lair:2
 Spider (4/4) Lair:3        Slime (0/5) Lair:5          Orc (2/2) D:10
    Elf (3/3) Orc:2        Vaults (5/5) D:13          Crypt (0/3) Vaults:3
 Depths (5/5) D:15            Zot (5/5) Depths:5
 Temple: D:4-7

Altars:
Ashenzari
Kikubaaqudgha
Ru
Vehumet
Xom
Yredelemnul
Zin
The Shining One
Beogh
Jiyva

Shops:
D:7 (   D:8 [   D:10 =   D:14 =   Orc:2 :[![   Elf:2 }([?   Vaults:1 [
Depths:1 (%=   Depths:2 =}=   Depths:4 (   Depths:5 (

Portals:
Hell: Depths:1 Depths:2 Depths:3 Depths:4 Depths:5
Abyss: Depths:1 Depths:4
Pandemonium: Depths:3 Depths:5
Ziggurat: Depths:3

Annotations:
Depths:1 axe


Innate Abilities, Weirdness & Mutations

You reflexively headbutt those who attack you in melee.
You have a pair of horns on your head.
You are partially covered in large bone plates. (SH +4)
Your body often deteriorates upon taking damage.
You are dopey. (Int -2)
Your magical capacity is low. (-10% MP)
You are somewhat resistant to further mutation.
You occasionally shout uncontrollably at your foes.


Message History

You feel yourself speed up.
The orb of fire glows bright magenta.
The bolt of fire hits you!! You resist.
* * * LOW HITPOINT WARNING * * *
The orb of fire glows bright magenta.
The fireball explodes!
The fireball engulfs the orb of fire.
The orb of fire completely resists.
The fireball engulfs the orb of fire.
The orb of fire completely resists.
The fireball engulfs the orb of fire.
The orb of fire completely resists.
The fireball engulfs the orb of fire.
The orb of fire completely resists.
The fireball engulfs you. You resist.
* * * LOW HITPOINT WARNING * * *
The fireball engulfs your orb of fire.
Your orb of fire completely resists.
The fireball engulfs the orb of fire.
The orb of fire completely resists.
The orb of fire emits a lurid red light.
The bolt of fire hits you!! You resist.
* * * LOW HITPOINT WARNING * * *
The orb of fire glows yellow.
The fireball explodes!
The fireball engulfs you! You resist.
You die...

##............^.... ▓▓▓▓▓▓▓▓▓
#..................
▓▓..(....▓▓▓..*...............
▓.!......≈▓▓≈/.......^........
▓.........X§▓w≈.......^........
.......^0§X.8§***................
§.▓......*...§▓**§...............
. ▓▓.......8.▓▓§*§...............
▓▓..^...C▓▓▓§@§...............
▓▓▓▓▓▓▓▓▓ ▓..§...............
▓▓.................
▓▓▓...............
▓▓▓▓.........^.. ▓▓▓▓▓▓▓▓▓▓▓▓▓


You could see 3 orbs of fire.

Vanquished Creatures
  The ghost of Elucuq the Impaler, a legendary FoAK of Lugonu (Depths:2)
  3 orbs of fire
  An ancient lich (Zot:5)
  2 juggernauts (Depths:5)
  3 Killer Klowns
  2 curse toes
  Xtahua (Depths:5)
  12 golden dragons
  Nikola (Swamp:1)
  Arachne (Spider:2)
  Rupert (D:13)
  An electric golem (Zot:5)
  4 liches
  Jorgrun (Orc:1)
  15 tentacled monstrosities
  The ghost of Esootuin the Fencer, an adept HOMo of Beogh (Vaults:1)
  19 Orb Guardians (Zot:5)
  3 deep elf blademasters (Elf:3)
  7 titans (Vaults:5)
  A deep elf master archer (Elf:3)
  Frances (Elf:1)
  9 quicksilver dragons
  3 thorn hunters
  3 sphinxes
  12 shadow dragons
  Gastronok (Lair:2)
  9 death cobs
  7 draconian monks
  Kirke (Spider:4)
  4 tengu reavers
  10 storm dragons
  Donald (Elf:1)
  16 vault wardens
  7 fire giants
  2 draconian scorchers
  4 ghost moths
  3 iron dragons (Vaults:5)
  9 deep elf sorcerers
  7 frost giants
  8 draconian knights
  A ghost moth (shapeshifter) (D:15)
  Louise (Swamp:2)
  7 emperor scorpions
  A ghoul (Vaults:3)
  14 ironheart preservers
  A draconian shifter (Zot:3)
  11 draconian stormcallers
  27 very ugly things
  5 spriggan defenders (Depths:4)
  7 deep elf elementalists (Elf:3)
  A war gargoyle (Vaults:5)
  A caustic shrike skeleton (Depths:2)
  19 stone giants
  An entropy weaver (Spider:1)
  4 draconian annihilators
  2 deep elf demonologists
  18 white draconians
  4 vampire knights
  12 green draconians
  8 black draconians
  The ghost of will825x the Blocker, a journeyman DrCj of Ashenzari (D:13)
  4 deep elf annihilators
  16 yellow draconians
  12 red draconians
  10 spark wasps
  10 purple draconians
  A green death (Depths:3)
  The ghost of anything the Protected, a journeyman DsAK of Lugonu (Lair:5)
  5 deep elf death magi (Elf:3)
  11 ettins
  15 fire dragons
  Snorg (D:11)
  The ghost of Iguemp the Fighter, a journeyman GrFE of Sif Muna (Lair:2)
  Erolcha (Orc:2)
  Josephine (Orc:1)
  40 vault guards
  8 deep elf high priests
  8 great orbs of eyes
  A ghost crab (Swamp:1)
  2 rakshasas
  19 hydras
  Harold (Lair:1)
  15 yaktaur captains
  12 ice dragons
  2 monstrous demonspawn (Depths:3)
  3 spriggan air magi
  A shambling mangrove (Swamp:4)
  40 two-headed ogres
  3 catoblepae
  9 centaur warriors
  2 spectral stone giants (Vaults:1)
  A two-headed ogre (shapeshifter) (Vaults:2)
  17 ogre magi
  A spectral human (Vaults:1)
  14 alligators
  12 deep troll shamans
  28 dancing weapons
  18 death yaks
  2 death knights
  11 deep troll earth magi
  10 tengu warriors
  The ghost of Roikka the Artisan of Death, a novice HuNe of Kikubaaqudgha (D:7)
  7 spriggan berserkers
  2 vampire magi (Depths:1)
  23 deep elf knights
  2 storm dragon zombies (Depths:2)
  22 hell knights
  A soul eater (Depths:3)
  2 shadow wraiths (Vaults:5)
  A skeletal warrior (D:13)
  A titan skeleton (Depths:2)
  A fire crab (shapeshifter) (Depths:4)
  An iron troll (Depths:5)
  A flayed ghost (Depths:2)
  4 spriggan druids
  47 deep trolls
  2 unseen horrors
  6 glowing orange brains
  An infernal demonspawn (Depths:3)
  9 swamp dragons
  17 ironbrand convokers
  13 wizards
  11 orc knights
  13 deep elf archers
  6 phantasmal warriors
  10 necromancers
  15 orb spiders
  10 harpies
  22 wolf spiders
  10 orc sorcerers
  67 deep elf magi
  2 spectral elves (Vaults:1)
  6 cyclopes
  A manticore (shapeshifter) (D:13)
  A shining eye (shapeshifter) (Depths:4)
  7 manticores
  51 ugly things
  17 moths of wrath
  3 fire giant skeletons
  3 black mambas (Lair:6)
  8 elephants
  Maurice (D:10)
  A guardian serpent (shapeshifter) (Depths:2)
  A water nymph (shapeshifter) (D:15)
  3 centaur zombies
  An eye of devastation (shapeshifter) (D:13)
  An orange demon (Depths:3)
  A frost giant skeleton (Depths:2)
  2 rust devils
  18 vault sentinels
  A spriggan zombie (Depths:2)
  3 gargoyles
  20 spiny frogs
  5 centaur skeletons
  A rime drake (shapeshifter) (Vaults:3)
  A spiny frog (shapeshifter) (Depths:1)
  5 rime drakes
  A yaktaur (shapeshifter) (Vaults:4)
  2 elf skeletons
  A spark wasp simulacrum (Depths:3)
  2 tengu conjurers
  2 hellwings (Depths:3)
  5 demonic crawlers
  32 yaktaurs
  2 golden dragon simulacra
  9 komodo dragons
  2 kobold demonologists
  An efreet (D:15)
  3 red devils (Depths:3)
  11 freezing wraiths
  2 queen bees
  3 meliai (Spider:3)
  2 jumping spiders (shapeshifter)
  3 trolls (shapeshifter)
  A polar bear (shapeshifter) (D:13)
  A queen bee (shapeshifter) (D:13)
  26 jumping spiders
  26 hornets
  11 tyrant leeches
  28 blink frogs
  12 trolls
  2 hornets (shapeshifter)
  A raiju (shapeshifter) (Vaults:5)
  36 slime creatures
  2 fire giant simulacra
  A harpy skeleton (D:15)
  12 hippogriffs
  6 dream sheep (Lair:6)
  3 bog bodies
  An ettin zombie (Depths:1)
  A snapping turtle (shapeshifter) (Vaults:5)
  Sigmund (D:2)
  13 water elementals
  2 shadows
  4 centaur simulacra (D:13)
  49 redbacks
  26 tarantellas
  6 wraiths
  2 tarantellas (shapeshifter)
  4 wyverns
  A yak (shapeshifter) (Vaults:1)
  A human (D:8)
  59 yaks
  4 hogs
  2 basilisks
  14 spriggans
  9 fire elementals
  A human (shapeshifter) (D:13)
  A death yak simulacrum (Lair:5)
  A basilisk (shapeshifter) (Vaults:5)
  A steam dragon (Lair:3)
  3 hungry ghosts
  2 neqoxecs (D:13)
  A human simulacrum (Vaults:1)
  A spriggan simulacrum (Depths:2)
  18 vampire mosquitoes
  7 wargs
  13 insubstantial wisps
  A swamp worm (shapeshifter) (Depths:4)
  18 swamp worms
  2 hydra simulacra (Lair:5)
  22 water moccasins
  2 hell hounds (D:14)
  8 porcupines
  2 acid dragons (D:15)
  A floating eye (Depths:2)
  16 swamp drakes
  A hornet zombie (D:11)
  27 orc warriors
  2 black bears
  2 black mamba simulacra (Lair:5)
  4 ice beasts
  A sky beast (D:15)
  A phantom (D:12)
  8 boggarts
  21 ogres
  16 centaurs
  12 wolves
  13 crocodiles
  14 bullfrogs
  12 big kobolds
  4 earth elementals
  A glowing shapeshifter simulacrum (Depths:3)
  2 spiny frog simulacra (Lair:5)
  An elephant simulacrum (Lair:5)
  4 scorpions
  52 killer bees
  2 vampire bats (D:12)
  11 wights
  An electric eel (D:13)
  2 howler monkeys (D:6)
  4 bullfrog zombies
  13 crimson imps
  2 jellies
  A quasit (D:10)
  3 hounds
  A bullfrog skeleton (D:12)
  11 orc priests
  36 orc wizards
  3 iguanas
  An iron imp (Depths:3)
  Jessica (D:2)
  2 hell rats
  12 human skeletons (Vaults:3)
  7 worker ants
  A killer bee zombie (D:9)
  A hound skeleton (D:7)
  Robin (D:2)
  3 river rats (D:9)
  14 adders
  6 shadow imps
  4 white imps
  3 ufetubi
  3 oozes
  3 worms (D:2)
  6 leopard geckos
  70 orcs
  2 ball pythons
  10 bats
  4 giant cockroaches
  15 goblins
  7 hobgoblins
  5 jackals
  19 kobolds
  4 quokkas
  A bat (shapeshifter) (Vaults:5)
  4 frilled lizards
  A giant cockroach zombie (D:6)
  5 rats
  18 briar patches
  4 fungi
  A plant (Lair:6)
2301 creatures vanquished.

Vanquished Creatures (collateral kills)
  Margery (Vaults:3)
  A vault warden (Vaults:1)
  Aizul (Swamp:3)
  3 draconian shifters
  2 very ugly things
  A green draconian (Zot:2)
  A black draconian (Zot:2)
  Azrael (D:14)
  A yellow draconian (Zot:5)
  A hydra (Lair:3)
  A catoblepas (Lair:6)
  A hell knight (Vaults:5)
  2 swamp dragons (Swamp:3)
  A deep elf mage (Vaults:1)
  A black mamba (Lair:6)
  A titan simulacrum (Vaults:1)
  A red devil (D:14)
  A troll (shapeshifter) (D:13)
  3 blink frogs (Lair:5)
  A snapping turtle (shapeshifter) (D:13)
  2 yaks (D:13)
  2 fire elementals (D:14)
  An insubstantial wisp (Swamp:3)
  A swamp drake (Swamp:4)
  A centaur (D:14)
  A crocodile (Lair:3)
  A glowing shapeshifter simulacrum (Vaults:1)
  A white imp (D:13)
  An orc (D:13)
  A plant (Lair:5)
38 creatures vanquished.

Vanquished Creatures (others)
  A deep elf master archer (Elf:3)
  A tengu reaver (Vaults:5)
  A draconian knight (Zot:5)
  A very ugly thing (Depths:1)
  A stone giant (Vaults:4)
  A merfolk javelineer (Depths:5)
  A merfolk impaler (Depths:5)
  A fire dragon (Depths:5)
  2 yaktaur captains
  A hydra (Swamp:4)
  A rakshasa (Depths:4)
  2 vault guards (Vaults:5)
  A centaur warrior (Vaults:1)
  A two-headed ogre (Vaults:4)
  A spriggan druid (Swamp:4)
  3 deep elf archers
  A deep elf mage (Vaults:1)
  3 cyclopes
  15 yaktaurs
  A bog body (Swamp:1)
  A dream sheep (Lair:6)
  An electric eel (D:13)
  A tarantella (Spider:4)
  A human (Spider:4)
  2 water elementals (Depths:5)
  A swamp worm (Swamp:4)
  5 centaurs
  2 orc wizards (Orc:2)
  2 orcs
  A briar patch (Swamp:3)
  12 fungi
  10 plants
79 creatures vanquished.

Grand Total: 2418 creatures vanquished

Notes
Turn   | Place    | Note
-------+----------+-------------------------------------------
     0 | D:1      | NoPocketsJustHoles the Minotaur Berserker began the quest
                  | for the Orb.
     0 | D:1      | Reached XP level 1. HP: 19/19 MP: 0/0
   119 | D:1      | Reached XP level 2. HP: 27/27 MP: 1/1
   702 | D:1      | Reached XP level 3. HP: 29/33 MP: 2/2
   967 | D:2      | Noticed Jessica
   971 | D:2      | Killed Jessica
   971 | D:2      | Reached XP level 4. HP: 41/41 MP: 3/3
  1005 | D:2      | Reached ** piety under Trog
  1012 | D:2      | Reached skill level 5 in Axes
  1054 | D:2      | Found a shimmering altar of Xom.
  1059 | D:2      | Found a shimmering altar of Xom.
  1182 | D:2      | Found a shimmering altar of Xom.
  1185 | D:2      | Found a shimmering altar of Xom.
  1187 | D:2      | Found a shimmering altar of Xom.
  1199 | D:2      | Noticed Robin
  1213 | D:2      | Killed Robin
  1213 | D:2      | Reached XP level 5. HP: 47/47 MP: 4/4
  1438 | D:2      | Noticed Sigmund
  1453 | D:2      | Killed Sigmund
  1453 | D:2      | Reached skill level 5 in Fighting
  1453 | D:2      | Reached XP level 6. HP: 40/56 MP: 5/5
  1664 | D:3      | You fall into a shaft and drop 3 floors!
  1723 | D:6      | Noticed an ice beast
  1733 | D:6      | Killed an ice beast
  1755 | D:6      | Reached XP level 7. HP: 30/61 MP: 6/6
  2016 | D:6      | Found a shattered altar of Ashenzari.
  2051 | D:6      | Reached *** piety under Trog
  2180 | D:6      | Reached skill level 5 in Armour
  2274 | D:6      | Reached skill level 1 in Slings
  2344 | D:6      | Reached XP level 8. HP: 54/70 MP: 7/7
  3307 | D:7      | Noticed a hippogriff
  3318 | D:7      | Killed a hippogriff
  3577 | D:7      | Found a runed translucent gate.
  3577 | D:7      | Found a runed translucent gate.
  3579 | D:7      | Found a runed translucent gate.
  3579 | D:7      | Noticed Roikka's ghost (novice HuNe)
  3621 | D:7      | Reached skill level 5 in Dodging
  3621 | D:7      | Reached XP level 9. HP: 59/79 MP: 8/8
  4080 | D:7      | Reached skill level 10 in Axes
  4087 | D:7      | Killed Roikka's ghost
  4173 | D:7      | Found Qijaheich's Antique Weapon Emporium.
  4466 | D:8      | Reached skill level 5 in Slings
  4545 | D:8      | Found Himoga's Armour Boutique.
  4614 | D:8      | Noticed a two-headed ogre
  4631 | D:8      | Killed a two-headed ogre
  4631 | D:8      | Reached XP level 10. HP: 13/90 MP: 9/9
  4968 | D:8      | Got a pair of encrusted gloves
  4969 | D:8      | Identified the +2 pair of gloves of the Game of Life {+Fly
                  | Dex+5} (You found it on level 8 of the Dungeon)
  5147 | D:8      | Found a glowing golden altar of the Shining One.
  5483 | D:8      | Bought a +2 buckler of protection for 279 gold pieces
  5801 | D:9      | Noticed a death yak
  5803 | D:9      | Noticed a death yak
  5805 | D:9      | Noticed a death yak
  5819 | D:9      | Killed a death yak
  5821 | D:9      | Killed a death yak
  5829 | D:9      | Killed a death yak
  5829 | D:9      | Reached skill level 1 in Shields
  5978 | D:9      | Reached **** piety under Trog
  5978 | D:9      | Reached skill level 10 in Fighting
  5988 | D:9      | Reached XP level 11. HP: 88/99 MP: 10/10
  6426 | D:9      | Found a staircase to the Lair.
  6505 | D:9      | Found the +2 shield of Resistance {rF+ rC+ MR+}
  6689 | D:10     | Entered Level 10 of the Dungeon
  6706 | D:10     | Found Hitzues's Jewellery Shoppe.
  6805 | D:10     | Reached skill level 2 in Shields
  6830 | D:10     | Noticed Maurice
  6839 | D:10     | Killed Maurice
  6839 | D:10     | Reached skill level 3 in Shields
  6844 | D:10     | Reached skill level 4 in Shields
  7118 | D:10     | Noticed a wizard
  7126 | D:10     | Killed a wizard
  7126 | D:10     | Reached skill level 5 in Shields
  7161 | D:10     | Noticed a wizard
  7170 | D:10     | Killed a wizard
  7170 | D:10     | Reached skill level 6 in Shields
  7231 | D:10     | Found a staircase to the Orcish Mines.
  7393 | D:10     | Noticed a wizard
  7398 | D:10     | Killed a wizard
  7398 | D:10     | Reached skill level 7 in Shields
  7427 | D:10     | Noticed a wizard
  7439 | D:10     | Killed a wizard
  7442 | D:10     | Found the +3 warlock's mirror {reflect}
  7445 | D:10     | Noticed a wizard
  7458 | D:10     | Killed a wizard
  7458 | D:10     | Reached skill level 8 in Shields
  7757 | D:10     | Noticed a wizard
  7774 | D:10     | Killed a wizard
  8190 | D:11     | Reached skill level 9 in Shields
  8610 | D:11     | Reached skill level 10 in Shields
  9092 | D:11     | Killed an unseen horror
  9320 | D:11     | Noticed Snorg
  9330 | D:11     | Killed Snorg
  9330 | D:11     | Reached skill level 1 in Evocations
  9452 | Lair:1   | Entered Level 1 of the Lair of Beasts
  9455 | Lair:1   | Noticed Harold
  9477 | Lair:1   | Killed Harold
  9477 | Lair:1   | Reached XP level 12. HP: 74/106 MP: 11/11
  9699 | Lair:1   | Reached skill level 11 in Shields
 10746 | Lair:2   | Found a runed translucent door.
 10746 | Lair:2   | Noticed Iguemp's ghost (journeyman GrFE)
 10766 | Lair:2   | Killed Iguemp's ghost
 10771 | Lair:2   | Got a warped turquoise ring
 10781 | Lair:2   | Identified the ring "Bosebb" {*Drain rPois rF+ rN+ Dex+2}
                  | (You found it on level 2 of the Lair of Beasts)
 10926 | Lair:2   | Reached skill level 10 in Armour
 11087 | Lair:2   | Found a sacrificial altar of Ru.
 11306 | Lair:2   | Found a staircase to the Swamp.
 11380 | Lair:2   | Noticed Gastronok
 11398 | Lair:2   | Killed Gastronok
 11398 | Lair:2   | Reached skill level 12 in Shields
 11716 | Lair:3   | Noticed an eight-headed hydra
 11741 | Lair:3   | Killed an eight-headed hydra
 11759 | Lair:3   | Noticed a death yak
 11759 | Lair:3   | Noticed a death yak
 11772 | Lair:3   | Noticed a death yak
 11776 | Lair:3   | Killed a death yak
 11796 | Lair:3   | Killed a death yak
 11796 | Lair:3   | Reached XP level 13. HP: 55/116 MP: 15/15
 12367 | Lair:3   | Reached skill level 5 in Evocations
 12575 | Lair:3   | Reached ***** piety under Trog
 12575 | Lair:3   | Received a gift from Trog
 12751 | Lair:3   | Found a hole to the Spider Nest.
 12779 | Lair:3   | Reached skill level 13 in Shields
 14356 | Lair:5   | Noticed anything's ghost (journeyman DsAK)
 14380 | Lair:5   | Found a runed translucent gate.
 14381 | Lair:5   | Found a runed translucent gate.
 14382 | Lair:5   | Found a runed translucent gate.
 14411 | Lair:5   | Killed anything's ghost
 14590 | Lair:5   | Got the ring "Xysicytu" {Fire}
 14624 | Lair:5   | Identified the ring "Xysicytu" {Fire Str+5} (You found it
                  | on level 5 of the Lair of Beasts)
 14818 | Lair:5   | Found a staircase to the Slime Pits.
 14818 | Lair:5   | Found a viscous altar of Jiyva.
 15358 | Lair:6   | Entered Level 6 of the Lair of Beasts
 15439 | Lair:6   | Reached XP level 14. HP: 113/125 MP: 5/17
 15533 | Lair:6   | Reached skill level 15 in Axes
 16656 | Lair:6   | Reached skill level 10 in Dodging
 16901 | Lair:6   | Got an ichor-stained plate armour
 18295 | Orc:1    | Entered Level 1 of the Orcish Mines
 18295 | Orc:1    | Noticed a stone giant
 18296 | Orc:1    | Noticed Josephine
 18309 | Orc:1    | Noticed Jorgrun
 18327 | Orc:1    | Killed a stone giant
 18331 | Orc:1    | Killed Josephine
 18338 | Orc:1    | Killed Jorgrun
 18569 | Orc:2    | Entered Level 2 of the Orcish Mines
 18654 | Orc:2    | Found a staircase to the Elven Halls.
 19046 | Orc:2    | Found Ynlowautru's Distillery.
 19055 | Orc:2    | Reached skill level 14 in Shields
 19071 | Orc:2    | Bought a potion of curing for 36 gold pieces
 19071 | Orc:2    | Bought a potion of curing for 36 gold pieces
 19071 | Orc:2    | Bought a potion of curing for 36 gold pieces
 19071 | Orc:2    | Bought a potion of heal wounds for 60 gold pieces
 19071 | Orc:2    | Bought a potion of heal wounds for 60 gold pieces
 19071 | Orc:2    | Bought a potion of cancellation for 96 gold pieces
 19091 | Orc:2    | Found an ancient bone altar of Kikubaaqudgha.
 19098 | Orc:2    | Reached XP level 15. HP: 129/134 MP: 6/19
 19110 | Orc:2    | Found Ostrosua's Antique Armour Shoppe.
 19152 | Orc:2    | Noticed Erolcha
 19155 | Orc:2    | Found a radiant altar of Vehumet.
 19161 | Orc:2    | Killed Erolcha
 19285 | Orc:2    | Bought a pair of polished gloves for 323 gold pieces
 19295 | Orc:2    | Identified the cursed +0 pair of gloves of the Imp {Int+2
                  | SInv} (You bought it in a shop on level 2 of the Orcish
                  | Mines)
 19438 | Orc:2    | Identified the +6 plate armour of Chill Winds {rN+ Slay+2
                  | SInv} (You found it on level 6 of the Lair of Beasts)
 19467 | Orc:2    | Bought a glowing buckler for 255 gold pieces
 19498 | Orc:2    | Found a roughly hewn altar of Beogh.
 19498 | Orc:2    | Found Acobapt's Antique Armour Emporium.
 19547 | Orc:2    | Bought a cloak for 144 gold pieces
 19595 | Orc:2    | Received a gift from Trog
 19636 | Orc:2    | Found Qizuodo's Book Emporium.
 21098 | D:12     | Received a gift from Trog
 21630 | D:13     | Received a gift from Trog
 21749 | D:13     | Found a gate to the Vaults.
 21845 | D:13     | Noticed Rupert
 21863 | D:13     | Killed Rupert
 22020 | D:13     | Reached XP level 16. HP: 141/144 MP: 7/21
 22137 | D:13     | Found a runed translucent gate.
 22137 | D:13     | Found a runed translucent gate.
 22137 | D:13     | Found a runed translucent gate.
 22507 | D:13     | Found a runed translucent gate.
 22507 | D:13     | Found a runed translucent gate.
 22509 | D:13     | Found a runed translucent gate.
 22513 | D:13     | Noticed will825x's ghost (journeyman DrCj)
 22552 | D:13     | Killed will825x's ghost
 23783 | D:14     | Found Biyv's Jewellery Emporium.
 23841 | D:14     | Bought the ring "Inolugig" {*Tele +Inv Dex+5 Slay+3} for
                  | 713 gold pieces
 23891 | D:14     | Noticed Azrael
 23901 | D:14     | Killed Azrael
 23901 | D:14     | Reached skill level 15 in Shields
 23908 | D:14     | Found a basalt altar of Yredelemnul.
 24335 | D:15     | Entered Level 15 of the Dungeon
 24899 | D:15     | Found a staircase to the Depths.
 25802 | Swamp:1  | Entered Level 1 of the Swamp
 25898 | Swamp:1  | Received a gift from Trog
 26099 | Swamp:1  | Noticed Nikola
 26117 | Swamp:1  | Killed Nikola
 27093 | Swamp:2  | Noticed Louise
 27108 | Swamp:2  | Killed Louise
 27333 | Swamp:2  | Reached XP level 17. HP: 152/152 MP: 7/23
 27604 | Swamp:3  | Noticed Aizul
 27621 | Swamp:3  | Killed Aizul
 28990 | Swamp:4  | Entered Level 4 of the Swamp
 29022 | Swamp:4  | Reached skill level 16 in Shields
 29131 | Swamp:4  | Reached skill level 10 in Evocations
 29266 | Swamp:4  | Received a gift from Trog
 29275 | Swamp:4  | Got an iridescent hand axe {god gift}
 29689 | Swamp:4  | Got a decaying rune of Zot
 29704 | Swamp:4  | Identified the +2 hand axe "No More Talking" {vorpal, *Rage
                  | rPois rF- Dex+9} (Trog gifted it to you on level 4 of the
                  | Swamp)
 30313 | Spider:1 | Entered Level 1 of the Spider Nest
 31223 | Spider:2 | Noticed Arachne
 31242 | Spider:2 | Killed Arachne
 31473 | Spider:2 | You fall into a shaft and drop 1 floor!
 31507 | Spider:3 | Received a gift from Trog
 31507 | Spider:3 | Reached skill level 15 in Armour
 31803 | Spider:3 | Reached XP level 18. HP: 162/162 MP: 8/24
 31829 | Spider:3 | Reached skill level 15 in Fighting
 32553 | Spider:4 | Entered Level 4 of the Spider Nest
 32599 | Spider:4 | Received a gift from Trog
 32604 | Spider:4 | Got a fine broad axe {god gift}
 32605 | Spider:4 | Identified the +5 broad axe of Trog's Regard {vorpal, +Inv
                  | rPois Str-5 Int+5} (Trog gifted it to you on level 4 of the
                  | Spider Nest)
 32644 | Spider:4 | Noticed Kirke
 32650 | Spider:4 | Reached skill level 17 in Shields
 33031 | Spider:4 | Killed Kirke
 33402 | Spider:4 | Got a gossamer rune of Zot
 33967 | Vaults:1 | Entered Level 1 of the Vaults
 34411 | Vaults:1 | Found Xizxorr's Antique Armour Shop.
 34895 | Vaults:1 | Reached skill level 18 in Shields
 34899 | Vaults:1 | Reached XP level 19. HP: 151/172 MP: 8/26
 35194 | Vaults:1 | Bought a runed plate armour for 858 gold pieces
 35727 | Vaults:1 | Found a runed translucent gate.
 35727 | Vaults:1 | Found a runed translucent gate.
 35728 | Vaults:1 | Found a runed translucent gate.
 35728 | Vaults:1 | Noticed Esootuin's ghost (adept HOMo)
 35784 | Vaults:1 | Killed Esootuin's ghost
 36217 | Vaults:2 | You fall into a shaft and drop 1 floor!
 36228 | Vaults:3 | Received a gift from Trog
 36431 | Vaults:3 | Noticed Margery
 36447 | Vaults:3 | Killed Margery
 36994 | Vaults:3 | Found a staircase to the Crypt.
 37375 | Vaults:2 | Received a gift from Trog
 37643 | Vaults:2 | Found the +7 pair of quick blades "Gyre" and "Gimble"
                  | {protect}
 37774 | Vaults:2 | Found a shattered altar of Ashenzari.
 37949 | Vaults:2 | Reached XP level 20. HP: 169/182 MP: 28/28
 38542 | Vaults:2 | Reached skill level 15 in Dodging
 38562 | Vaults:2 | Reached skill level 19 in Shields
 39321 | Vaults:3 | Received a gift from Trog
 39952 | Vaults:4 | Received a gift from Trog
 41193 | Vaults:5 | Entered Level 5 of the Vaults
 41474 | Elf:1    | Entered Level 1 of the Elven Halls
 41504 | Elf:1    | Found a radiant altar of Vehumet.
 41510 | Elf:1    | Noticed Frances
 41531 | Elf:1    | Killed Frances
 41724 | Elf:1    | Noticed Donald
 41736 | Elf:1    | Killed Donald
 41805 | Elf:1    | Received a gift from Trog
 41864 | Elf:1    | Reached XP level 21. HP: 192/192 MP: 29/29
 41942 | Elf:1    | Identified the +7 rapier "Qasoujitt" {flame, rElec rN++
                  | Int-4 Dex+3}
 41959 | Elf:1    | Found a runed translucent gate.
 41959 | Elf:1    | Found a runed translucent gate.
 41959 | Elf:1    | Found a runed translucent gate.
 41959 | Elf:1    | Found a runed translucent gate.
 41959 | Elf:1    | Found a runed translucent gate.
 41961 | Elf:1    | Found a runed translucent gate.
 42736 | Elf:2    | Reached skill level 20 in Shields
 42755 | Elf:2    | Received a gift from Trog
 43224 | Elf:2    | Found a runed translucent gate.
 43224 | Elf:2    | Found a runed translucent gate.
 43225 | Elf:2    | Found a runed translucent gate.
 43427 | Elf:2    | Found Pouthary's Gadget Emporium.
 43435 | Elf:2    | Bought a phial of floods for 600 gold pieces
 43435 | Elf:2    | Bought a wand of iceblast (12) for 240 gold pieces
 43457 | Elf:2    | Found Yniyrek's Antique Armour Emporium.
 43468 | Elf:2    | Received a gift from Trog
 43484 | Elf:2    | Identified the Collected Works on the Supportive Traveller
 43491 | Elf:2    | Found Pibbinimn's Magic Scroll Shoppe.
 43507 | Elf:2    | Bought a scroll of identify for 36 gold pieces
 43507 | Elf:2    | Bought a scroll of identify for 36 gold pieces
 43507 | Elf:2    | Bought a scroll of enchant armour for 135 gold pieces
 43522 | Elf:2    | Found Caimeq's Weapon Shop.
 44039 | Elf:3    | Entered Level 3 of the Elven Halls
 44314 | Elf:3    | Identified the +9 quarterstaff "Omufrusm" {pain, +Rage
                  | rElec}
 44935 | Elf:3    | Received a gift from Trog
 44952 | Elf:3    | Got an ancient hand axe {god gift}
 44953 | Elf:3    | Identified the +5 hand axe of Risk Management {flame,
                  | *Corrode rC++ rN+ Stlth+} (Trog gifted it to you on level 3
                  | of the Elven Halls)
 45036 | Elf:3    | Reached XP level 22. HP: 160/202 MP: 31/31
 45225 | Elf:3    | Identified the +10 flail of Eternal Vigilance {venom,
                  | Dex+2}
 45328 | Elf:3    | Found the +0 mask of the Dragon {MR+ Slay+3 SInv}
 45547 | Elf:3    | Identified Kyebucze's Tome of Dislocation and Clay
 46214 | Depths:1 | Entered Level 1 of the Depths
 46287 | Depths:1 | Found Huyrolew's Weapon Boutique.
 46296 | Depths:1 | Found Poedausu's Jewellery Shop.
 46416 | Depths:1 | Bought the ring "Ziavi" {rF+ rN+ Dex+7} for 967 gold pieces
 46431 | Depths:1 | Received a gift from Trog
 46696 | Depths:1 | Reached skill level 21 in Shields
 47052 | Depths:1 | Found a gateway to Hell.
 47076 | Depths:1 | Found Ylacve's Food Shop.
 47429 | Depths:1 | Found a one-way gate to the infinite horrors of the Abyss.
 47833 | Depths:2 | Paralysed by a floating eye for 3 turns
 47840 | Depths:2 | Paralysed by a floating eye for 3 turns
 47915 | Depths:2 | Found Paethruga's Jewellery Shop.
 47916 | Depths:2 | Found Buastej's Gadget Shoppe.
 47917 | Depths:2 | Found Guntis's Jewellery Shop.
 47991 | Depths:2 | Found a runed translucent door.
 47991 | Depths:2 | Noticed Elucuq's ghost (legendary FoAK)
 48022 | Depths:2 | Killed Elucuq's ghost
 48117 | Depths:2 | Got a jewelled ring mail
 48510 | Depths:2 | Noticed a golden dragon
 48520 | Depths:2 | Killed a golden dragon
 48934 | Depths:3 | Identified the Almanac of Stones
 48936 | Depths:3 | Identified Zurirch's Papyrus of the Arsonist
 48981 | Depths:3 | Found a gateway to a ziggurat.
 49031 | Depths:3 | Reached XP level 23. HP: 123/213 MP: 32/32
 49071 | Depths:3 | Received a gift from Trog
 49426 | Depths:3 | Found a one-way gate leading to the halls of Pandemonium.
 50484 | Depths:4 | Received a gift from Trog
 50621 | Depths:4 | Reached skill level 22 in Shields
 50756 | Depths:4 | Found the ring of Robustness {AC+8}
 50817 | Depths:4 | Found Fies's Weapon Boutique.
 51922 | Depths:5 | Entered Level 5 of the Depths
 51925 | Depths:5 | Noticed a juggernaut
 51941 | Depths:5 | Killed a juggernaut
 51962 | Depths:5 | Received a gift from Trog
 52415 | Depths:5 | Got a transparent war axe {god gift}
 52416 | Depths:5 | Identified the +7 war axe "Ronaf" {vorpal, *Corrode MR+
                  | Str+3 Int+3} (Trog gifted it to you on level 5 of the
                  | Depths)
 52435 | Depths:5 | Reached XP level 24. HP: 223/223 MP: 33/33
 52499 | Depths:5 | Found a gate to the Realm of Zot.
 53361 | Depths:5 | Noticed a juggernaut
 53373 | Depths:5 | Killed a juggernaut
 53377 | Depths:5 | Reached skill level 15 in Evocations
 54442 | Depths:5 | Noticed Xtahua
 54443 | Depths:5 | Found Dianikh's Antique Weapon Boutique.
 54450 | Depths:5 | Killed Xtahua
 54471 | Depths:5 | Bought a bloodstained hunting sling for 247 gold pieces
 55022 | Vaults:3 | Got an encrusted plate armour
 55227 | Vaults:5 | Identified the ring "Qoog" {Fire rElec rPois Dex+2}
 55258 | Vaults:5 | Received a gift from Trog
 55268 | Vaults:5 | Reached skill level 23 in Shields
 55492 | Vaults:5 | Reached XP level 25. HP: 200/229 MP: 33/33
 55597 | Vaults:5 | Identified the cursed +0 hunting sling of Context {vorpal,
                  | Dex+4} (You bought it in a shop on level 5 of the Depths)
 55613 | Vaults:5 | Identified the +8 plate armour of Inference {Str+2 Stlth+}
                  | (You found it on level 3 of the Vaults)
 55812 | Vaults:5 | Identified the +2 robe of Conal {rPois rF- rC+ Dex+3}
 55826 | Vaults:5 | Received a gift from Trog
 56096 | Vaults:5 | Got a scorched turquoise ring
 56130 | Vaults:5 | Got a twitching iron ring
 56170 | Vaults:5 | Got a shimmering kite shield
 56203 | Vaults:5 | Identified the +2 kite shield "Tiwkote" {Regen+} (You found
                  | it on level 5 of the Vaults)
 56215 | Vaults:5 | Got a warped war axe
 56218 | Vaults:5 | Identified the +7 war axe of Duty {vorpal, MR++} (You found
                  | it on level 5 of the Vaults)
 56294 | Vaults:5 | Found the +12 Vampire's Tooth {vamp}
 56310 | Vaults:5 | Got a silver rune of Zot
 56319 | Vaults:5 | Identified the ring "Wutekk" {Fire +Inv} (You found it on
                  | level 5 of the Vaults)
 56320 | Vaults:5 | Identified the ring of Immorality {+Blink rC+ MP+9} (You
                  | found it on level 5 of the Vaults)
 57462 | Zot:1    | Entered Level 1 of the Realm of Zot
 58384 | Zot:2    | Received a gift from Trog
 58429 | Zot:2    | Identified a scroll of acquirement
 58430 | Zot:2    | Identified the ring "Ilucomoe" {rN+ MR- Dex+4 Slay+3} (You
                  | acquired it on level 2 of the Realm of Zot)
 58679 | Zot:2    | Found a glowing silver altar of Zin.
 58735 | Zot:2    | Identified Vifid's Compendium of Fire and Brimstone
 58747 | Zot:2    | Identified Sif Muna's Handbook of the Zealot
 59350 | Zot:2    | Reached skill level 24 in Shields
 60376 | Zot:3    | Reached XP level 26. HP: 204/244 MP: 34/34
 60918 | Zot:3    | Noticed an orb of fire
 60935 | Zot:3    | Killed an orb of fire
 63181 | Zot:5    | Entered Level 5 of the Realm of Zot
 63469 | Zot:5    | Reached skill level 25 in Shields
 63675 | Zot:5    | Found the +4 moon troll leather armour {Spirit, Regen++
                  | MP+5}
 64229 | Zot:5    | Noticed an ancient lich
 64242 | Zot:5    | Noticed an orb of fire
 64248 | Zot:5    | Killed an ancient lich
 64250 | Zot:5    | Gained mutation: Your body sometimes deteriorates upon
                  | taking damage. [an orb of fire]
 64258 | Zot:5    | Noticed an orb of fire
 64259 | Zot:5    | Gained mutation: You are partially covered in large bone
                  | plates. (SH +4) [an orb of fire]
 64262 | Zot:5    | Reached XP level 27. HP: 254/254 MP: 34/34
 64274 | Zot:5    | Gained mutation: Your body often deteriorates upon taking
                  | damage. [an orb of fire]
 64276 | Zot:5    | Killed an orb of fire
 64282 | Zot:5    | Gained mutation: Your magical capacity is low. (-10% MP)
                  | [an orb of fire]
 64284 | Zot:5    | Gained mutation: You are dopey. (Int -2) [an orb of fire]
 64286 | Zot:5    | Gained mutation: You occasionally shout uncontrollably at
                  | your foes. [an orb of fire]
 64289 | Zot:5    | Killed an orb of fire
 64758 | Zot:5    | Noticed an orb of fire
 64759 | Zot:5    | Noticed an orb of fire
 64760 | Zot:5    | Noticed an orb of fire
 64761 | Zot:5    | Noticed an orb of fire
 64765 | Zot:5    | Noticed an orb of fire
 64769 | Zot:5    | Noticed a juggernaut
 64769 | Zot:5    | a Killer Klown changed into a juggernaut
 64774 | Zot:5    | Gained mutation: You are somewhat resistant to further
                  | mutation. [an orb of fire]
 64775 | Zot:5    | HP: 9/256 [orb of fire/bolt of fire (29)]
 64776 | Zot:5    | Killed from afar by an orb of fire

Levels and vault maps discovered:
D:1:      dpeg_arrival_pits, layout_rooms, serial_bayou, serial_bayou_pond_a,
          serial_bayou_lagoon_b, serial_bayou_pond_b, minivault_24
D:2:      layout_rooms, xom_redecorated, uniq_sigmund, uniq_jessica, uniq_robin
D:3:      layout_rooms, first_ration, uniq_natasha
D:6:      layout_cave_pods, evilmike_ruin_ashenzari, skrybe_limestone_x,
          minmay_manual_macuahuitl
D:7:      layout_basic, serial_shops, nicolae_shop_stone,
          gammafunk_ghost_nasty_kobolds
D:8:      layout_cave_pools, serial_shops, shop, grunt_livestock, tso_metal_star
D:9:      layout_stronghold, dpeg_lair_monsters
D:10:     minmay_smoke_and_mirrors, layout_cave_pools, orc_0_dummy,
          serial_shops, shop, uniq_maurice
D:11:     layout_basic, uniq_snorg
D:12:     minmay_imperfect_grid, layout_basic, grunt_ministairs_10,
          roderic_batcave, minmay_misc_feat_enclosed
D:13:     layout_irregular_city, erik_vaults_2,
          ploomutoo_gammafunk_ghost_potion_laboratory, serial_ice, serial_ice_i,
          serial_ice_n, serial_ice_o, serial_ice_e, minmay_microvault,
          uniq_rupert
D:14:     layout_long_grid, serial_shops, shop_statue,
          kennysheep_cross_bottleneck, lemuel_hellish_altar, uniq_azrael
D:15:     gammafunk_enter_depths_forms, layout_stronghold,
          grunt_decor_one_mirror
Lair:1:   layout_hall_layers, special_room [special_room_bee],
          grunt_megastairs_5, uniq_harold
Lair:2:   layout_cave_pods, swamp_mist, ebering_ghost_inner_flame,
          lemuel_centaur_altar, grunt_megastairs_3, uniq_gastronok
Lair:3:   regret_index_wax_grids, layout_gridlike,
          nicolae_spider_entry_tight_spaces, beast_lair_carwin_4
Lair:4:   layout_cave_pods, chequers_serial_rivers_room_b
Lair:5:   layout_loops_ring, slime_altar_1, gammafunk_ghost_icy
Lair:6:   evilmike_catoblepas_cave, layout_cave_pods,
          chequers_serial_rivers_large_a, lemuel_fruit_tree
Swamp:1:  layout_basic_swamp, evilmike_swamp_ruin_house_2, swamp_pool5,
          nicolae_swamp_fairy_circle, uniq_nikola
Swamp:2:  layout_falls_marsh, nicolae_swamp_round_clearing, uniq_louise
Swamp:3:  layout_basic_swamp, nicolae_swamp_feature_on_the_river_bank,
          uniq_aizul
Swamp:4:  swamp, layout_basic_swamp
Spider:1: layout_spider_delve
Spider:2: layout_spider_delve, uniq_arachne, uniq_agnes
Spider:3: layout_spider_delve, hangedman_spider_mandibles
Spider:4: guppyfry_spider_rune, uniq_kirke
Orc:1:    layout_caves, uniq_josephine, uniq_jorgrun
Orc:2:    kennysheep_orc_mage_school, layout_caves
Elf:1:    eino_elf_arrival_altar, layout_geoelf_grid, orc_legates, uniq_frances,
          uniq_donald
Elf:2:    layout_geoelf_diagonals, serial_shops, shop, shop, shop, shop
Elf:3:    minmay_elf_hall_quartered_circle, layout_geoelf_octagon, serial_glass,
          glass_columns_c, glass_columns_b, minivault_28
Vaults:1: gammafunk_vaults_ghost_necromancy, grunt_vaults_diagonal,
          vaults_room_grunt_arrival_ludios, st_lines, v_misc_10,
          nicolae_vaults_shelves_hall, v_misc_2, ontoclasm_vaults_bender,
          vaults_room_corners, ontoclasm_vaults_fault, layout_vaults_omnigrid,
          serial_shops, nicolae_shop_window_shopping
Vaults:2: hangedman_vaults_impose, vaults_standard_mumra_x,
          hangedman_vaults_snaps, v_misc_4, vaults_room_stairs_pillars,
          nicolae_vaults_little_squares_6, nicolae_vaults_murderbox,
          nicolae_vaults_little_squares_5, v_misc_23, vaults_room_corners,
          dpeg_vaults_monster_box, layout_vaults_chaotic_city, basic_altar
Vaults:3: minmay_crypt_entry_simple_corners, hangedman_vaults_impose,
          dpeg_vaults_monster_row, nicolae_vaults_network_quincunx
          [nicolae_vaults_network_quincunx_subvault,
          nicolae_vaults_network_quincunx_subvault,
          nicolae_vaults_network_quincunx_subvault,
          nicolae_vaults_network_quincunx_subvault,
          nicolae_vaults_network_quincunx_subvault],
          ontoclasm_vaults_claustrophobia, ontoclasm_vaults_spin, v_misc_32,
          nicolae_vaults_network_star, nicolae_vaults_yaktaur_gun_rack,
          nicolae_vaults_specimen_jars, layout_vaults_maze_snakey, serial_shops,
          freezing_bzr, uniq_margery
Vaults:4: v_misc_14, nicolae_vaults_twisting_passages, v_misc_26,
          hangedman_vaults_nodes, v_rooms_4, v_misc_19,
          nicolae_vaults_shelves_hall, nicolae_vaults_little_squares_6,
          v_misc_18, nicolae_vaults_rhombus_6, ontoclasm_vaults_chip,
          vaults_room_pool, nicolae_vaults_rhombus_5, nicolae_vaults_rhombus_5,
          layout_vaults_omnicross, serial_shops
Vaults:5: serial_shops
Depths:1: layout_cave_shapes, dk_noncrumbling_3, grunt_metal_band,
          marbit_kobold_abyss_entry, serial_shops, shop, shop,
          nicolae_shop_stone, st_stairs_7, grunt_ministairs_15,
          grunt_decor_fettered, due_unseen_surprise
Depths:2: nicolae_whirlpool, layout_gridlike, gammafunk_ghost_grave,
          grunt_hell_entry_dis_grunt, minmay_misc_feat_plants,
          minmay_misc_feat_tiny, due_unseen_surprise, minmay_shop_grove,
          minmay_staircase_bubble
Depths:3: mu_elemental_laboratory, layout_basic, enter_ziggurat_c,
          roderic_lattice_a, hellmouth_3, grunt_pan_entry_in_and_out,
          serial_sigils_hangedman_clutch, firewood_loft
Depths:4: kb_forest_paths, layout_basic, abyss_entry, hangedman_decor_growths,
          hangedman_geh_valley, serial_shops,
          nicolae_shop_competitors_out_of_business, chequers_decorated_corner
Depths:5: evilmike_zot_entry_argh, layout_small_grid, minmay_misc_feat_hallway,
          serial_shops, nicolae_shop_waterfront, hell_entry, pan_entry,
          hangedman_decor_riveting, lemuel_freeze_loot_1, uniq_xtahua
Zot:1:    layout_misc_corridors, skrybe_zot_glass_3
Zot:2:    nicolae_zot_draconian_monastery, layout_misc_corridors
Zot:3:    layout_misc_corridors, lemuel_baited_zot_trap, grunt_ministairs_12,
          st_stairs_5
Zot:4:    layout_cathedral_of_symmetry
Zot:5:    layout_misc_corridors, hangedman_zot_decor_scrapings

Skill      XL: |  1  2  3  4  5  6  7  8  9 10 11 12 13 14 15 16 17 18 19 20 21 22 23 24 25 26 27 |
---------------+----------------------------------------------------------------------------------+-----
Fighting       | 4 5 6 7 8 10 11 12 13 14 15 16 17 18 19 20 21 22 | 22.5
Axes           | 4 5 6 7 8 9 11 12 13 14 16 17 18 19 20 21 22 23 24 | 24.3
Armour         | 3 4 5 6 7 9 10 11 12 13 15 16 17 18 19 20 21 22 | 22.0
Dodging        | 3 4 5 6 7 8 9 10 11 12 13 14 15 16 17 18 19 20 | 20.4
Slings         | 1 3 5 6 7 8 |  8.3
Shields        | 1 10 12 13 14 15 16 18 19 20 21 22 23 24 25 | 25.6
Evocations     | 1 4 5 7 8 9 10 11 12 13 14 15 16 17 | 17.2

Action                   |  1- 3 |  4- 6 |  7- 9 | 10-12 | 13-15 | 16-18 | 19-21 | 22-24 | 25-27 || total
-------------------------+-------+-------+-------+-------+-------+-------+-------+-------+-------++-------
Melee: Hand axe          |    43 |    77 |   201 |   520 |   191 |       |       |       |       ||  1032
       Headbutt          |     1 |     9 |    54 |   192 |   381 |   461 |   421 |   487 |   406 ||  2412
       Broad axe         |       |       |       |       |   871 |  1272 |    94 |   374 |       ||  2611
       War axe           |       |       |       |       |       |       |  1048 |   760 |   907 ||  2715
 Fire: Hunting sling     |       |     2 |    81 |    28 |    46 |     7 |       |    87 |       ||   251
Throw: Javelin           |       |       |       |     1 |       |       |       |       |       ||     1
Invok: Berserk           |     3 |     4 |     3 |    11 |    11 |     9 |     5 |     4 |     4 ||    54
       Trog's Hand       |       |     3 |     5 |    25 |    26 |    41 |    27 |    32 |    19 ||   178
       Brothers in Arms  |       |       |       |     2 |     3 |     7 |     2 |     3 |     6 ||    23
 Abil: Evoke Flight      |       |       |       |       |     1 |     1 |       |     2 |       ||     4
Evoke: Wand              |       |       |       |     3 |    19 |    17 |     1 |     2 |       ||    42
       Box of beasts     |       |       |       |       |       |       |     1 |     1 |       ||     2
       Lightning rod     |       |       |       |       |       |       |       |     1 |       ||     1
       Phial of floods   |       |       |       |       |       |       |       |     1 |     3 ||     4
       Phantom mirror    |       |       |       |       |       |       |       |       |     2 ||     2
       Tin of tremorston |       |       |       |       |       |       |       |       |     1 ||     1
  Use: Scroll            |       |       |    11 |    14 |    19 |    24 |    11 |    20 |    15 ||   114
       Potion            |       |       |     1 |     1 |     4 |    15 |     5 |     6 |    10 ||    42
 Stab: Distracted        |       |       |       |     1 |     1 |     4 |     3 |    10 |     2 ||    21
       Sleeping          |       |       |       |       |     2 |       |       |       |       ||     2
       Paralysed         |       |       |       |       |     1 |    12 |       |       |       ||    13
       Confused          |       |       |       |       |       |     1 |       |       |     3 ||     4
       Held in net/web   |       |       |       |       |       |     2 |       |       |       ||     2
       Fleeing           |       |       |       |       |       |     1 |       |       |       ||     1
  Eat: Chunk             |     2 |     6 |     9 |    19 |    34 |    34 |    25 |    16 |    21 ||   166
       Ration            |       |     1 |     1 |     7 |     6 |    10 |     7 |    10 |     7 ||    49
Armor: Animal skin       |     5 |       |       |       |       |       |       |       |       ||     5
       Ring mail         |     5 |    32 |    75 |     7 |       |       |       |       |       ||   119
       Scale mail        |       |       |       |   150 |   131 |       |       |       |       ||   281
       Plate armour      |       |       |       |       |   108 |   563 |   268 |   311 |   296 ||  1546
Dodge: Dodged            |    32 |    51 |   171 |   237 |   389 |   779 |   453 |   590 |   545 ||  3247
Block: Buckler           |       |       |       |    16 |       |       |       |       |       ||    16
       Kite shield       |       |       |       |   308 |   802 |  1468 |  1070 |  1207 |  1057 ||  5912
       Reflection        |       |       |       |       |    24 |    61 |   113 |    83 |    33 ||   314

Table legend:
 A = Non-vault XP
 B = Vault XP
 C = Vault XP percentage of total XP
 D = Non-vault monster count
 E = Vault monster count
 F = Vault count percentage of total count
                 A         B        C        D         E       F
            +---------+---------+-------+---------+---------+-------
      Total |  909628 |  669377 |  42.4 |    1509 |     849 |  36.0
            +---------+---------+-------+---------+---------+-------
        D:1 |      51 |       7 |  12.1 |      20 |       5 |  20.0
        D:2 |     121 |     301 |  71.3 |      25 |      14 |  35.9
        D:6 |    1399 |     234 |  14.3 |      33 |       5 |  13.2
        D:7 |     879 |    1697 |  65.9 |      15 |      10 |  40.0
        D:8 |    2007 |    1009 |  33.5 |      22 |       5 |  18.5
        D:9 |    1212 |    2708 |  69.1 |      14 |      11 |  44.0
       D:10 |    1088 |    4473 |  80.4 |      19 |       7 |  26.9
       D:11 |    2988 |    1084 |  26.6 |      21 |       1 |   4.5
       D:12 |   11521 |    8369 |  42.1 |      58 |      38 |  39.6
       D:13 |   13842 |   21085 |  60.4 |      65 |      37 |  36.3
       D:14 |    8709 |    1878 |  17.7 |      20 |       6 |  23.1
       D:15 |   12919 |    5050 |  28.1 |      34 |       8 |  19.0
     Lair:1 |    3524 |    2592 |  42.4 |      19 |      21 |  52.5
     Lair:2 |    5379 |    3735 |  41.0 |      28 |       8 |  22.2
     Lair:3 |    9000 |    8448 |  48.4 |      27 |      53 |  66.2
     Lair:4 |    2292 |       0 |   0.0 |       6 |       0 |   0.0
     Lair:5 |    1968 |    2778 |  58.5 |      11 |      11 |  50.0
     Lair:6 |   21513 |   11273 |  34.4 |      61 |      23 |  27.4
    Swamp:1 |   10814 |    4388 |  28.9 |      27 |       4 |  12.9
    Swamp:2 |    6309 |    1610 |  20.3 |      14 |       1 |   6.7
    Swamp:3 |   15660 |    1031 |   6.2 |      38 |       1 |   2.6
    Swamp:4 |   14472 |   15477 |  51.7 |      44 |      24 |  35.3
   Spider:1 |    9687 |       0 |   0.0 |      30 |       0 |   0.0
   Spider:2 |    2299 |    3240 |  58.5 |       6 |       1 |  14.3
   Spider:3 |   19799 |       0 |   0.0 |      58 |       0 |   0.0
   Spider:4 |    8778 |   27790 |  76.0 |      21 |      47 |  69.1
      Orc:1 |    2088 |    4654 |  69.0 |      15 |       6 |  28.6
      Orc:2 |    1436 |    7807 |  84.5 |       9 |      31 |  77.5
      Elf:1 |   20112 |   24972 |  55.4 |      30 |      36 |  54.5
      Elf:2 |   19624 |   22350 |  53.2 |      31 |      31 |  50.0
      Elf:3 |    8788 |   53535 |  85.9 |      15 |      41 |  73.2
   Vaults:1 |   39942 |   28147 |  41.3 |      65 |      41 |  38.7
   Vaults:2 |   47080 |   22208 |  32.1 |      70 |      25 |  26.3
   Vaults:3 |   18793 |   21295 |  53.1 |      32 |      36 |  52.9
   Vaults:4 |   28806 |   26737 |  48.1 |      39 |      35 |  47.3
   Vaults:5 |   15145 |  114380 |  88.3 |      25 |      87 |  77.7
   Depths:1 |   42420 |    9391 |  18.1 |      62 |      13 |  17.3
   Depths:2 |   43168 |   10411 |  19.4 |      47 |       7 |  13.0
   Depths:3 |   44567 |    9295 |  17.3 |      45 |      28 |  38.4
   Depths:4 |   69603 |   18850 |  21.3 |      84 |      24 |  22.2
   Depths:5 |   65734 |   23499 |  26.3 |      54 |      12 |  18.2
      Zot:1 |   21882 |       0 |   0.0 |      13 |       0 |   0.0
      Zot:2 |   69669 |   35399 |  33.7 |      48 |      24 |  33.3
      Zot:3 |   70229 |   19252 |  21.5 |      39 |       6 |  13.3
      Zot:4 |   30807 |       0 |   0.0 |      14 |       0 |   0.0
      Zot:5 |   61505 |   86938 |  58.6 |      36 |      25 |  41.0
            +---------+---------+-------+---------+---------+-------
